 Dungeon Crawl Stone Soup version 0.28-a0-1568-g77cbbf62ba (webtiles) character file.

Game seed: 10846624259628032541

62 Lekart the Chopper (level 3, -7/33 HPs)
             Began as a Draconian Chaos Knight on Jan 19, 2022.
             Was a Plaything of Xom.
             Mangled by a queen bee (shapeshifter) (16 damage)
             ... on level 2 of the Dungeon on Jan 20, 2022.
             The game lasted 00:03:45 (1754 turns).

Lekart the Chopper (Draconian Chaos Knight)         Turns: 1754, Time: 00:03:46

Health: -7/33      AC:  5    Str: 14    XL:     3   Next: 85%
Magic:  4/4        EV: 13    Int: 12    God:    Xom [*.....]
Gold:   62         SH:  0    Dex: 18    Spells: 4/4 levels left

rFire   . . .      SeeInvis .   a - +0 hand axe (chaos)
rCold   . . .      Faith    .   f - orb {light}
rNeg    . . .      Spirit   .   (armour unavailable)
rPois   .          Reflect  .   (helmet restricted)
rElec   .          Harm     .   (no cloak)
rCorr   .          Rampage  .   (no gloves)
Will    .....                   (no boots)
Stlth   +.........              (no amulet)
HPRegen 0.11/turn               d - +6 ring of dexterity
MPRegen 0.09/turn               (no ring)

@: glowing
A: AC +5, unfitting armour, cold-blooded
a: Renounce Religion


You were on level 2 of the Dungeon.
You worshipped Xom.
You were a special plaything of Xom.
You visited 1 branch of the dungeon, and saw 2 of its levels.

You collected 62 gold pieces.

Inventory:

Hand Weapons
 a - a +0 hand axe of chaos (weapon)
Armour
 f - an orb of light (worn)
Jewellery
 d - a +6 ring of dexterity (left hand)
Scrolls
 b - 2 scrolls of identify
 c - a scroll of vulnerability
 e - a scroll of magic mapping {unknown}


   Skills:
 + Level 3.8 Fighting
 + Level 3.9 Axes
 + Level 2.4 Dodging
 * Level 1.2 Spellcasting


You had 4 spell levels left.
You didn't know any spells.
Your spell library was empty.

Dungeon Overview and Level Annotations

Branches:
Dungeon (2/15)

Altars:


Innate Abilities, Weirdness & Mutations

Your plain brown scales are hard. (AC +5)
You cannot fit into any form of body armour.
You are cold-blooded and may be slowed by cold attacks.


Message History

The harpy is lightly wounded.
The harpy closely misses you. The harpy claws you!
The harpy changes into a spriggan!
You closely miss the spriggan. You hit the goblin.
You kill the goblin!
The spriggan barely misses you.
You hit the spriggan but do no damage. The spriggan barely misses you.
A kobold comes into view. It is wielding a +0 club.
The kobold shouts!
You hit the spriggan. You freeze the spriggan.
The spriggan is moderately wounded.
The spriggan hits you.
You hit the spriggan.
You tail-slap the spriggan, but do no damage.
The spriggan is moderately wounded.
The spriggan hits you but does no damage.
You hit the spriggan.
The spriggan is heavily wounded.
The spriggan changes into a queen bee!
You hit the queen bee but do no damage.
The queen bee is lightly wounded.
The queen bee stings you.
You aren't carrying any potions.
You aren't carrying any potions.
You hit the queen bee but do no damage.
The queen bee suddenly seems more agile.
The queen bee is lightly wounded.
You hit the kobold. You burn the kobold.
You kill the kobold!
The queen bee stings you.
You barely miss the queen bee.
The queen bee is lightly wounded.
The queen bee stings you!
* * * LOW HITPOINT WARNING * * *
As you read the scroll labelled MABBYSTABBE, it crumbles to dust.
It is a scroll of identify.
c - a scroll of vulnerability The queen bee stings you!
You die...
Xom chuckles heartily!

#.# ##........
#.###........# .##
#.##††.......##..###
....††#.......##...# .
...#.#........##...## ..
##..................###...
###.##....................
#..#.....................
##.##.##..[#.##.@y........
#..##. ###†..#$...........
#.###. #...#.##.).......
..# #. #.....###.....#..
.## #. #...### ##...## .#
.. #...# ##.# .##..# #...#
... ....... ...... ...
##########..[## ...


You could see a queen bee shaped shifter (agile).

Vanquished Creatures
  2 worms (D:2)
  A dart slug (D:1)
  5 ball pythons
  5 bats
  5 endoplasms (D:1)
  3 giant cockroaches
  3 goblins
  5 hobgoblins
  3 jackals (D:2)
  8 kobolds
  A quokka (D:2)
  A frilled lizard (D:2)
  4 rats
46 creatures vanquished.

Notes
Turn   | Place    | Note
-------+----------+-------------------------------------------
     0 | D:1      | Lekart the Draconian Chaos Knight began the quest for the
                  | Orb.
     0 | D:1      | Reached XP level 1. HP: 19/19 MP: 1/1
   125 | D:1      | XOM: potion effect (curing)
   234 | D:1      | Reached XP level 2. HP: 20/26 MP: 2/2
   492 | D:1      | Upgraded the game from 0.28-a0-1560-g060a6a1bfc to
                  | 0.28-a0-1568-g77cbbf62ba
   707 | D:1      | XOM: silly message
   714 | D:1      | Reached XP level 3. HP: 19/33 MP: 4/4
   820 | D:1      | XOM: silly message
   844 | D:1      | Found a faded altar of an unknown god.
   870 | D:1      | Noticed an eye of devastation
   878 | D:1      | Noticed an eye of devastation
   883 | D:1      | Noticed an eye of devastation
   887 | D:1      | Noticed an eye of devastation
  1025 | D:1      | Reached skill level 1 in Spellcasting
  1148 | D:1      | XOM: silly message
  1741 | D:2      | Noticed a shapeshifter
  1741 | D:2      | an endoplasm changed into a shapeshifter
  1741 | D:2      | Noticed a harpy
  1741 | D:2      | a shapeshifter changed into a harpy
  1743 | D:2      | Noticed a spriggan
  1743 | D:2      | a harpy changed into a spriggan
  1748 | D:2      | Noticed a queen bee
  1748 | D:2      | a spriggan changed into a queen bee
  1754 | D:2      | Mangled by a queen bee (shapeshifter)

Illustrated notes

Levels and vault maps discovered:
D:1:      lemuel_arrival_tunnels, layout_loops_ring,
          hellmonk_ecumenical_altar_watching_god, chequers_serial_rivers_micro_a
D:2:      cheibrodos_greedy_goblins, layout_rooms, serial_shops, shop,
          kennysheep_potato

Skill      XL: |  1  2  3 |
---------------+----------+-----
Spellcasting   | 1 |  1.2
Fighting       | |  3.8
Axes           | |  3.9
Dodging        | |  2.4

Action                   || total
-------------------------++-------
Melee: Hand axe          ||   104
       Tailslap          ||    15
       Punch             ||     1
  Use: Scroll            ||     1
 Stab: Sleeping          ||     1
Armor: Skin              ||    30
Dodge: Dodged            ||    85

Table legend: (Time is in decaauts)
 A = Elapsed time spent in this place.
 B = Non-inter-level travel time spent in this place.
 C = Inter-level travel time spent in this place.
 D = Time resting spent in this place.
 E = Time spent auto-exploring this place.
 F = Levels seen in this place.
 G = Mean time per level.
                   A        B        C        D        E       F      G
               +--------+--------+--------+--------+--------+-----+--------+
         Total |   1768 |   1710 |     58 |    130 |   1254 |   2 |  884.0 |
       Dungeon |   1768 |   1710 |     58 |    130 |   1254 |   2 |  884.0 |
               +--------+--------+--------+--------+--------+-----+--------+

Top non-repeatable levels by time:
     D:1: 1232 daAuts
     D:2: 535 daAuts
